 Dungeon Crawl Stone Soup version 0.19.4 (webtiles) character file.

18882 galech the Basher (level 12, -14/128 HPs)
             Began as an Ogre Fighter on Jan 31, 2017.
             Was an Elder of Makhleb.
             Demolished by Rupert
             ... wielding a +1 battleaxe of freezing
              (26 damage)
             ... on level 2 of the Orcish Mines.
             The game lasted 00:44:51 (13021 turns).

galech the Basher (Ogre Fighter)                   Turns: 13021, Time: 00:44:52

Health: -14/128    AC: 11    Str: 33    XL:     12   Next: 63%
Magic:  12/12      EV: 15    Int:  7    God:    Makhleb [****..]
Gold:   1250       SH: 14    Dex:  5    Spells: 0 memorised, 11 levels left

rFire  . . .     SeeInvis .     h - +5 whip "Giantslayer" {freeze, *Slow rN++ Str+5}
rCold  . . .     Gourm    .     Z - +0 steam dragon scales
rNeg   + + .     Faith    .     c - +0 shield
rPois  .         Spirit   .     (helmet restricted)
rElec  .         Reflect  +     i - +2 cloak
rCorr  .         Harm     .     (gloves unavailable)
MR     +....     Clarity  +     (boots unavailable)
Stlth  ++........               K - +2 amulet of reflection
                                (no ring)
                                q - +3 ring of evasion

@: no status effects
A: unfitting armour, antennae 1, yellow scales 1, clarity, clumsy 2, slow
regeneration 1, tough skin 1, MP-powered wands
a: Minor Destruction, Lesser Servant of Makhleb, Major Destruction, Renounce
Religion


You were on level 2 of the Orcish Mines.
You worshipped Makhleb.
Makhleb was greatly pleased with you.
You were not hungry.

You visited 3 branches of the dungeon, and saw 14 of its levels.
You also visited: Sewer and Volcano.

You collected 1312 gold pieces.
You spent 62 gold pieces at shops.

Inventory:

Hand Weapons
 a - a +0 flail
 b - the +5 pair of quick blades "Gyre" and "Gimble" {pierce, Dex-3}
   (You found it on level 9 of the Dungeon)

   It inflicts extra damage upon your enemies.
   It affects your dexterity (-3).
 h - the +5 whip "Giantslayer" (weapon) {freeze, *Slow rN++ Str+5}
   (You found it on level 4 of the Dungeon)

   It has been specially enchanted to freeze those struck by it, causing extra
   injury to most foes and up to half again as much damage against particularly
   susceptible opponents.
   It can also slow down cold-blooded creatures.
   It affects your strength (+5).
   It greatly protects you from negative energy.
   It may slow you when you take damage.
 z - a cursed +0 giant club
 I - the +8 trident of Evisceration {freeze, rElec rPois Int-2 SInv}
   (You found it on level 8 of the Dungeon)

   It has been specially enchanted to freeze those struck by it, causing extra
   injury to most foes and up to half again as much damage against particularly
   susceptible opponents.
   It can also slow down cold-blooded creatures.
   It affects your intelligence (-2).
   It insulates you from electricity.
   It protects you from poison.
   It lets you see invisible.
 J - a +0 giant spiked club
 L - a +0 morningstar
 O - a +2 eveningstar of flaming
Armour
 c - a +0 shield (worn)
 i - a +2 cloak (worn)
 Q - a +1 robe of resistance
 S - a +1 robe of magic resistance
 Z - +0 steam dragon scales (worn)
Jewellery
 q - a +3 ring of evasion (left hand)
 y - a +2 amulet of reflection
 H - an uncursed amulet of magic regeneration
 K - a +2 amulet of reflection (around neck)
Wands
 w - a wand of lightning (5/15)
Scrolls
 m - 4 scrolls of enchant armour
 n - 5 scrolls of remove curse
 u - 2 scrolls of fog
 A - a scroll of amnesia
 B - 6 scrolls of magic mapping
 C - 2 scrolls of fear
 N - 2 scrolls of enchant weapon
 P - 2 scrolls of summoning
Potions
 d - 6 potions of might
 g - 2 potions of heal wounds {unknown}
 j - a potion of berserk rage {unknown}
 k - 11 potions of curing
 l - 4 potions of resistance {unknown}
 r - 2 potions of degeneration {unknown}
 s - a potion of agility {unknown}
 E - 2 potions of magic {unknown}
 F - a potion of flight {unknown}
 G - a potion of cure mutation {unknown}
 T - a potion of lignification {unknown}
 X - a potion of brilliance {unknown}
Books
 e - a book of Necromancy

   Spells                             Type                      Level
   a - Pain                           Necromancy                   1
   b - Animate Skeleton               Necromancy                   1
   c - Vampiric Draining              Necromancy                   3
   d - Regeneration                   Charms/Necromancy            3
   e - Animate Dead                   Necromancy                   4
   f - Control Undead                 Necromancy                   4
Comestibles
 f - 9 bread rations
 o - 5 meat rations
 p - 5 fruits
 t - a royal jelly
 v - 5 beef jerkies
 x - 3 chunks of flesh


   Skills:
 + Level 10.8 Fighting
 + Level 13.8 Maces & Flails
 + Level 0.6 Polearms
 + Level 9.9 Dodging
 + Level 4.3 Stealth
 + Level 10.1 Shields


You had 11 spell levels left.
You didn't know any spells.

Dungeon Overview and Level Annotations

Branches:
Dungeon (11/15)            Temple (1/1) D:7            Lair (0/6) D:8
    Orc (2/2) D:9
    Elf: Orc:2

Altars:
Ashenzari
Cheibriados
Dithmenos
Fedhas
Gozag
Hepliaklqana
Kikubaaqudgha
Makhleb
Nemelex Xobeh
Okawaru
Qazlal
Ru
Sif Muna
Trog
Vehumet
Yredelemnul
Zin
The Shining One

Shops:
D:8 *   D:11 *

Annotations:
Orc:2 Rupert


Innate Abilities, Weirdness & Mutations

You are too large for most types of armour.
You have tough skin. (AC +1)
You have a pair of small antennae on your head.
You are partially covered in yellow scales. (AC +2)
You possess an exceptional clarity of mind.
You are very clumsy. (Dex -4)
You regenerate slowly when monsters are visible.
You expend magic power (3 MP) to strengthen your wands.


Message History

You hit Rupert but do no damage.
Rupert is moderately wounded.
Rupert hits you with a battleaxe of freezing!!
Rupert freezes you!
You hit Rupert but do no damage.
Rupert is moderately wounded.
Rupert hits you with a battleaxe of freezing!!
Rupert freezes you!
* * * LOW HITPOINT WARNING * * *
You whack Rupert! You freeze Rupert.
Rupert is moderately wounded.
Rupert hits you with a battleaxe of freezing!
* * * LOW HITPOINT WARNING * * *
Rupert freezes you.
* * * LOW HITPOINT WARNING * * *
Items here: $ ) [[ † a dagger; a robe; 33 gold pieces; a ring mail; an orc corpse
There is a stone staircase leading up, spattered with blood here.
Rupert hits you with a battleaxe of freezing!!
You die...

#.$..............
............ ....
#.......... ....#
#........##...#
##.......)#...#
#...#........# #
##........)..##
#.#.......@...##
.........@.###
##........#
#......))##
##.....)## {
##......##
##.......##
###.#......^## ##
##............##
##.##.........#....##


You could see Rupert (berserk).

Vanquished Creatures
  Josephine (Orc:1)
  The ghost of dscm the Blocker, a novice MiFi of Okawaru (D:8)
  An unseen horror (D:11)
  The ghost of Trampli the Slicer, a novice HaBe of Trog (D:7)
  An orc knight (D:8)
  2 hill giants
  4 ugly things
  The ghost of Vorshek the Destroyer, a novice GrWz of Vehumet (D:10)
  2 orc sorcerers (Orc:1)
  Joseph (D:9)
  Psyche (D:10)
  A komodo dragon (D:11)
  2 red devils (Volcano)
  4 trolls
  A two-headed ogre (Orc:1)
  Sigmund (D:6)
  4 wraiths (Orc:1)
  A spriggan (D:9)
  15 yaks
  3 fire bats (Orc:1)
  A steam dragon (D:11)
  A warg (D:9)
  A hell hound (Volcano)
  5 orc warriors
  2 ice beasts
  A phantom (D:8)
  2 sky beasts
  A black bear (D:8)
  4 ogres
  2 necrophages
  3 wolves (D:8)
  4 centaurs
  A crocodile (D:11)
  6 bullfrogs
  A wyvern skeleton (D:10)
  4 scorpions
  5 killer bees
  11 wights
  2 howler monkeys
  4 electric eels
  3 crimson imps
  2 centaur zombies
  A quasit (D:8)
  A bullfrog zombie (D:3)
  11 orc priests
  3 jellies
  4 bullfrog skeletons
  A centaur skeleton (D:8)
  9 hounds
  13 orc wizards
  4 iguanas
  8 worker ants
  29 adders
  A howler monkey skeleton (D:9)
  6 river rats (Sewer)
  2 shadow imps (D:6)
  An ooze (D:1)
  2 adder skeletons
  A worm (D:2)
  3 dart slugs (D:1)
  6 leopard geckos
  37 orcs
  8 giant cockroaches
  9 goblins
  8 hobgoblins
  8 jackals
  8 kobolds
  5 quokkas
  9 ball pythons (Sewer)
  5 bats
  10 frilled lizards
  28 rats
  2 plants (D:10)
357 creatures vanquished.

Vanquished Creatures (others)
  2 fungi (D:10)
2 creatures vanquished.

Grand Total: 359 creatures vanquished

Notes
Turn   | Place    | Note
-------+----------+-------------------------------------------
     0 | D:1      | galech the Ogre Fighter began the quest for the Orb.
     0 | D:1      | Reached XP level 1. HP: 24/24 MP: 1/1
    95 | D:1      | Reached XP level 2. HP: 26/32 MP: 2/2
   619 | D:1      | Reached skill level 3 in Maces & Flails
   745 | D:1      | Reached XP level 3. HP: 40/40 MP: 3/3
  1068 | D:2      | Reached XP level 4. HP: 22/49 MP: 4/4
  1210 | D:2      | Reached skill level 4 in Maces & Flails
  1732 | D:3      | Reached XP level 5. HP: 43/55 MP: 5/5
  1841 | D:3      | Found a sacrificial altar of Ru.
  2117 | D:3      | Reached skill level 5 in Maces & Flails
  2673 | D:3      | Reached XP level 6. HP: 63/63 MP: 6/6
  2772 | D:4      | Got a slimy whip
  2773 | D:4      | Identified the +5 whip "Giantslayer" {freeze, *Slow rN++ Str+5} (You found it on level 4 of the Dungeon)
  3028 | D:4      | Reached skill level 6 in Maces & Flails
  3028 | D:4      | Reached skill level 1 in Stealth
  3357 | D:5      | Entered Level 5 of the Dungeon
  3418 | D:5      | Reached XP level 7. HP: 68/71 MP: 7/7
  3447 | D:5      | Found a sparkling altar of Nemelex Xobeh.
  3560 | D:5      | Found a glowing drain.
  3581 | Sewer    | Entered a sewer
  3599 | Sewer    | Reached skill level 5 in Fighting
  3838 | Sewer    | Reached skill level 7 in Maces & Flails
  4365 | D:5      | Reached XP level 8. HP: 81/81 MP: 8/8
  4486 | D:6      | Found a deep blue altar of Sif Muna.
  4517 | D:6      | Reached skill level 8 in Maces & Flails
  4629 | D:6      | Reached skill level 5 in Shields
  4671 | D:6      | Found an iron altar of Okawaru.
  5022 | D:6      | Noticed Sigmund
  5033 | D:6      | Killed Sigmund
  5033 | D:6      | Reached skill level 5 in Dodging
  5531 | D:6      | Found a deep blue altar of Sif Muna.
  5609 | D:7      | Reached skill level 9 in Maces & Flails
  5615 | D:7      | Reached XP level 9. HP: 86/89 MP: 9/9
  5632 | D:7      | Found a staircase to the Ecumenical Temple.
  5633 | D:7      | Noticed Trampli's ghost (novice HaBe)
  5656 | D:7      | Killed Trampli's ghost
  5662 | Temple   | Entered the Ecumenical Temple
  5674 | Temple   | Became a worshipper of Makhleb the Destroyer
  5927 | D:7      | Reached skill level 10 in Maces & Flails
  6510 | D:8      | Got a pitted trident
  6514 | D:8      | Identified the +8 trident of Evisceration {freeze, rElec rPois Int-2 SInv} (You found it on level 8 of the Dungeon)
  6532 | D:8      | Noticed a troll
  6559 | D:8      | Killed a troll
  6587 | D:8      | Reached * piety under Makhleb
  6727 | D:8      | Reached XP level 10. HP: 102/102 MP: 10/10
  6977 | D:8      | Found a staircase to the Lair.
  7058 | D:8      | Noticed dscm's ghost (novice MiFi)
  7327 | D:8      | Killed dscm's ghost
  7327 | D:8      | Reached skill level 11 in Maces & Flails
  7716 | D:8      | Found Zin's Purification Station.
  7719 | D:8      | Found a glowing silver altar of Zin.
  8062 | D:9      | Found a staircase to the Orcish Mines.
  8517 | D:9      | Noticed Joseph
  8535 | D:9      | Reached ** piety under Makhleb
  8571 | D:9      | Killed Joseph
  8571 | D:9      | Reached skill level 12 in Maces & Flails
  8634 | D:9      | Reached XP level 11. HP: 113/113 MP: 11/11
  8874 | D:10     | Entered Level 10 of the Dungeon
  8874 | D:10     | Found a blossoming altar of Fedhas.
  8876 | D:10     | Noticed Vorshek's ghost (novice GrWz)
  9024 | D:10     | Killed Vorshek's ghost
  9439 | D:10     | Noticed Psyche
  9449 | D:10     | Killed Psyche
  9976 | D:11     | Noticed a purple ugly thing
  9998 | D:11     | Killed a purple ugly thing
 10004 | D:11     | Gained mutation: You are partially covered in yellow scales. (AC +2) [mutagenic meat]
 10005 | D:11     | Gained mutation: You expend magic power (3 MP) to strengthen your wands. [mutagenic meat]
 10010 | D:11     | Found Otuady's Assorted Antiques.
 10036 | D:11     | Bought a scroll of identify for 62 gold pieces
 10105 | D:11     | Reached *** piety under Makhleb
 10269 | D:11     | Noticed a hill giant
 10280 | D:11     | Killed a hill giant
 10548 | D:11     | Killed an unseen horror
 10548 | D:11     | Reached skill level 13 in Maces & Flails
 10560 | D:11     | Reached skill level 10 in Fighting
 10743 | D:11     | Noticed a purple ugly thing
 10752 | D:11     | Killed a purple ugly thing
 10816 | D:11     | Noticed a cyan ugly thing
 10833 | D:11     | Killed a cyan ugly thing
 10837 | D:11     | Gained mutation: You regenerate slowly when monsters are visible. [mutagenic meat]
 10838 | D:11     | Gained mutation: You are clumsy. (Dex -2) [mutagenic meat]
 10895 | D:11     | Reached XP level 12. HP: 126/126 MP: 12/12
 11005 | Orc:1    | Entered Level 1 of the Orcish Mines
 11010 | Orc:2    | Entered Level 2 of the Orcish Mines
 11042 | Orc:1    | Found a dark tunnel.
 11064 | Volcano  | Entered a volcano
 11102 | Volcano  | Gained mutation: You have a pair of small antennae on your head. [mutagenic meat]
 11103 | Volcano  | Gained mutation: You are very clumsy. (Dex -4) [mutagenic meat]
 11104 | Volcano  | Gained mutation: You possess an exceptional clarity of mind. [mutagenic meat]
 11562 | Orc:2    | Noticed Rupert
 12215 | Orc:1    | Reached **** piety under Makhleb
 12448 | Orc:2    | Noticed Josephine
 12474 | Orc:1    | Killed Josephine
 12532 | Orc:1    | Reached skill level 10 in Shields
 13021 | Orc:2    | Demolished by Rupert

Skill      XL: |  1  2  3  4  5  6  7  8  9 10 11 12 |
---------------+-------------------------------------+-----
Shields        | 3 4 5 6 7 9 10 | 10.1
Maces & Flails | 3 4 5 6 7 9 10 12 13 | 13.8
Dodging        | 3 4 5 6 7 9 |  9.9
Stealth        | 1 2 3 4 |  4.3
Fighting       | 5 6 7 8 10 | 10.8
Polearms       | |  0.6

Action                   |  1- 3 |  4- 6 |  7- 9 | 10-12 || total
-------------------------+-------+-------+-------+-------++-------
Melee: Flail             |    97 |   157 |       |       ||   254
       Whip              |       |    46 |   368 |   818 ||  1232
       Trident           |       |       |       |    12 ||    12
       Eveningstar       |       |       |       |    33 ||    33
  Use: Scroll            |       |     5 |     2 |    11 ||    18
       Potion            |       |       |     2 |       ||     2
 Stab: Sleeping          |       |     4 |     2 |     4 ||    10
  Eat: Chunk             |     1 |     7 |    11 |    28 ||    47
Armor: Robe              |    34 |    40 |    57 |    34 ||   165
       Steam dragon scal |       |       |       |    48 ||    48
Dodge: Dodged            |    44 |    89 |   138 |   233 ||   504
Block: Shield            |    50 |    98 |   201 |   344 ||   693
       Reflection        |       |       |     1 |     6 ||     7
